 Dungeon Crawl Stone Soup version 0.24.0-13-gcf9b319 (webtiles) character file.

Game seed: 4052490540411147562, levelgen mode: deterministic

224 Bronimir the Insei (level 6, -2/43 HPs)
             Began as a Merfolk Transmuter on Mar 5, 2020.
             Slain by an ice beast (4 damage)
             ... on level 4 of the Dungeon.
             The game lasted 00:07:25 (2978 turns).

Bronimir the Insei (Merfolk Transmuter)             Turns: 2978, Time: 00:07:25

Health: -2/43      AC:  3    Str: 13    XL:     6   Next: 0%
Magic:  9/9        EV: 13    Int: 12    God:
Gold:   104        SH:  0    Dex: 14    Spells: 3/9 levels left

rFire    . . .     SeeInvis .     - Unarmed
rCold    . . .     Gourm    .   (no shield)
rNeg     . . .     Faith    .   j - +0 leather armour
rPois    .         Spirit   .   (no helmet)
rElec    .         Reflect  .   (no cloak)
rCorr    .         Harm     .   (no gloves)
MR       .....                  (no boots)
Stlth    +.........             (no amulet)
HPRegen  0.14/turn              w - ring of flight
MPRegen  0.11/turn              (no ring)

@: appendage (expiring)
A: change form in water, swift swim, stealthy swim, horns 2
a: End Transformation, Evoke Flight


You were on level 4 of the Dungeon.
You were not hungry.
You had grown temporary horns.
You visited 1 branch of the dungeon, and saw 4 of its levels.

You collected 104 gold pieces.

Inventory:

Hand Weapons
 b - a +0 hunting sling
 y - a +0 trident
Missiles
 a - 9 arrows
 l - 44 bolts
 m - 38 stones
 r - 25 poisoned darts (quivered)
Armour
 j - a +0 leather armour (worn)
 p - a +0 robe
 q - a +0 ring mail
 z - a +0 scale mail
Jewellery
 w - a ring of flight (left hand)
Scrolls
 c - 2 scrolls of teleportation {unknown}
 e - 4 scrolls of remove curse {unknown}
 g - 3 scrolls of identify {unknown}
 h - 2 scrolls of fog {unknown}
 i - a scroll of enchant armour {unknown}
 k - a scroll of immolation {unknown}
 o - a scroll of fear {unknown}
 s - a scroll of amnesia {unknown}
 t - a scroll of magic mapping {unknown}
 A - a scroll of noise {unknown}
Potions
 f - 2 potions of berserk rage {unknown}
 n - a potion of might {unknown}
 u - a potion of flight {unknown}
 x - a potion of mutation {unknown}
 B - a potion of degeneration {unknown}
Comestibles
 d - 7 rations


   Skills:
 + Level 1.2 Fighting
 + Level 0.8 Armour
 * Level 4.1 Dodging
 * Level 5.4 Unarmed Combat
 + Level 2.3 Spellcasting
 * Level 3.6 Transmutations
 * Level 1.3 Poison Magic


You had 3 spell levels left.
You knew the following spells:

 Your Spells              Type           Power        Failure   Level  Hunger
a - Beastly Appendage     Tmut           ##....       8%          1    ##.....
b - Sticks to Snakes      Tmut           ##......     12%         2    ###....
c - Spider Form           Tmut/Pois      #.........   36%         3    ####...

Your spell library contained the following spells:

 Spells                   Type           Power        Failure   Level  Hunger
 Blink                    Tloc           N/A          45%         2    ###....
 Shroud of Golubria       Chrm/Tloc      #.....       45%         2    ###....
 Gell's Gravitas          Tloc           #.........   71%         3    ####...
 Lesser Beckoning         Tloc           #.........   71%         3    ####...
 Teleport Other           Tloc           #.......     71%         3    ####...
 Ice Form                 Ice/Tmut       #.......     85%         4    #####..
 Blade Hands              Tmut           ##........   91%         5    ######.
 Passage of Golubria      Tloc           N/A          98%         4    #####..


Dungeon Overview and Level Annotations

Branches:
Dungeon (4/15)
 Temple: D:4-7

Altars:
Elyvilon


Innate Abilities, Weirdness & Mutations

You revert to your normal form in water.
You are very nimble and swift while swimming.
You are very stealthy in the water. (Stealth+)
You have a pair of horns on your head.


Message History

The ice beast closely misses you.
You hit the ice beast but do no damage.
You headbutt the ice beast, but do no damage.
You punch the ice beast.
The ice beast is severely wounded.
The ice beast hits you. The ice beast freezes you.
You hit the ice beast.
The ice beast is almost dead.
The ice beast hits you. The ice beast freezes you!
* * * LOW HITPOINT WARNING * * *
You hit the ice beast but do no damage.
The ice beast is almost dead.
You barely miss the ice beast.
The ice beast is almost dead.
Your transformation is almost over.
The ice beast hits you but does no damage.
You hit the ice beast but do no damage.
The ice beast is almost dead.
The ice beast hits you.
You die... ####?#.## #@Y...... ####.#.##

You could see an ice beast.

Vanquished Creatures
  A water moccasin skeleton (D:3)
  A howler monkey (D:3)
  4 adders
  A worm (D:2)
  2 dart slugs (D:1)
  A leopard gecko (D:3)
  6 orcs (D:3)
  4 giant cockroaches
  6 goblins
  12 hobgoblins
  10 kobolds
  2 quokkas (D:3)
  A ball python (D:3)
  5 bats
  3 frilled lizards
  9 rats
68 creatures vanquished.

Vanquished Creatures (collateral kills)
  Terence (D:3)
1 creature vanquished.

Grand Total: 69 creatures vanquished

Notes
Turn   | Place    | Note
-------+----------+-------------------------------------------
     0 | D:1      | Bronimir the Merfolk Transmuter began the quest for the
                  | Orb.
     0 | D:1      | Reached XP level 1. HP: 15/15 MP: 3/3
   202 | D:1      | Reached XP level 2. HP: 21/21 MP: 5/5
   311 | D:1      | Learned a level 2 spell: Sticks to Snakes
   477 | D:1      | Reached skill level 4 in Unarmed Combat
   549 | D:1      | Reached XP level 3. HP: 24/26 MP: 6/6
  1316 | D:2      | Found a white marble altar of Elyvilon.
  1682 | D:2      | Reached XP level 4. HP: 32/32 MP: 7/7
  2066 | D:3      | Learned a level 3 spell: Spider Form
  2157 | D:3      | Reached skill level 5 in Unarmed Combat
  2157 | D:3      | Reached XP level 5. HP: 18/37 MP: 6/8
  2357 | D:3      | Noticed Terence
  2369 | D:3      | Killed Terence
  2549 | D:3      | Reached skill level 1 in Poison Magic
  2822 | D:3      | Reached XP level 6. HP: 40/43 MP: 9/9
  2964 | D:4      | Noticed an ice beast
  2975 | D:4      | HP: 1/43 [ice beast (13)]
  2978 | D:4      | Slain by an ice beast

Levels and vault maps discovered:
D:1:      roderic_octagonal_star, layout_rooms
D:2:      layout_basic, elyvilon_altar_5
D:3:      layout_loops_ring, first_ration, uniq_terence
D:4:      layout_basic, ashenzari_conservatory_becter, minmay_misc_feat_rugged,
          minmay_diced_spiral, uniq_duvessa

Skill      XL: |  1  2  3  4  5 |
---------------+----------------+-----
Transmutations | 3 |  3.6
Unarmed Combat | 4 5 |  5.4
Dodging        | 3 4 |  4.1
Poison Magic   | 1 |  1.3
Fighting       | |  1.2
Armour         | |  0.8
Spellcasting   | |  2.3

Action                   |  1- 3 |  4- 6 || total
-------------------------+-------+-------++-------
Melee: Unarmed           |   115 |   133 ||   248
       Headbutt          |    10 |     6 ||    16
       Punch             |     1 |     6 ||     7
 Cast: Beastly Appendage |     9 |     7 ||    16
       Sticks to Snakes  |       |     3 ||     3
 Stab: Sleeping          |     1 |     1 ||     2
  Eat: Chunk             |     2 |     5 ||     7
Armor: Robe              |     1 |       ||     1
       Leather armour    |    21 |    25 ||    46
Dodge: Dodged            |    78 |    80 ||   158
